Kings vs Canucks

Created - March 12, 2019 at 19:44

Goals
1 2 3 T
Kings 1 3 1 5
Canucks 1 2 1 4
Shots
1 2 3 T
Kings 12 13 12 37
Canucks 11 11 10 32

1st period

1. Kings , Sidney Crosby 31 (Patrick Kane 50, Johnny Gaudreau 24) at 18:34
2. Canucks , Mike Ribeiro 10 (Nick Palmieri 19) at 19:09

Penalties :
Matt Stajan (Van) for Fighting (Major) at 10:03, Peter Worrell (LAK) for Fighting (Major) at 10:03, Peter Worrell (LAK) for instigated a fight (Minor) at 10:03, Peter Worrell (LAK) for instigated a fight (10 Minutes Misconduct) at 10:03

2nd period

3. Kings , Greg Campbell 12 (Justin Faulk 9, Mike Brown 12) at 1:59 (SH)
4. Kings , Patrick Kane 41 (Johnny Gaudreau 25, Darnell Nurse 1) at 4:10
5. Canucks , Johan Franzen 6 (Chris Campoli 7, Michal Neuvirth) at 7:54
6. Kings , Staffan Kronwall 2 (Ryan Johansen 18, Wayne Simmonds 21) at 13:08
7. Canucks , Nik Antropov 6 (Ladislav Smid 10, Brad Boyes 27) at 15:06

Penalties :
Darnell Nurse (LAK) for Hooking (Minor) at 0:45, Jamie McBain (Van) for Holding (Minor) at 4:57

3rd period

8. Canucks , Brad Boyes 28 (Matt Stajan 48, Jamie McBain 18) at 1:21
9. Kings , Johnny Gaudreau 27 (Patrick Kane 51, Sidney Crosby 48) at 9:48

Penalties :
Clarke MacArthur (Van) for Roughing (Minor) at 2:05

Goalie Stats

Brian Elliott (LAK), 28 saves from 32 shots - (0.875), W, 24-23-5, 60:00 minutes
Michal Neuvirth (Van), 32 saves from 37 shots - (0.865), L, 25-24-4, 59:14 minutes

Players Stats for Kings

Player Name              G  A  P  +/- PIM S  H  SB GA TA FO     MP     PP MP  PK MP  
------------------------------------------------------------------------------------
Darnell Nurse            0  1  1   0  2   0  1  1  0  1  0/0    22:12   0:00   1:05 
David Booth              0  0  0  -1  0   5  3  0  0  0  0/0    17:52   1:50   0:00 
Greg Campbell            1  0  1   0  0   2  1  0  0  0  5/9    13:20   0:00   2:20 
Johnny Gaudreau          1  2  3   3  0   2  2  0  0  0  0/1    18:37   2:01   0:39 
Jon Merrill              0  0  0   0  0   2  0  1  1  0  0/0    19:08   0:00   2:32 
Justin Faulk             0  1  1   2  0   1  2  0  0  0  0/0    17:32   2:08   1:14 
Marcus Nilson            0  0  0  -1  0   3  0  0  0  0  0/0     8:51   0:00   0:00 
Mika Zibanejad           0  0  0  -1  0   1  0  0  0  2  0/1    10:22   1:57   0:00 
Mike Brown               0  1  1   0  0   2  2  0  1  0  0/0    11:54   0:00   2:22 
Mike Komisarek           0  0  0   1  0   0  3  0  0  2  0/0    16:13   0:00   1:26 
Nikita Kucherov          0  0  0  -1  0   3  1  0  1  0  0/0    12:16   2:01   0:00 
Patrick Kane             1  2  3   3  0   2  1  0  2  1  2/3    21:32   2:08   0:57 
Peter Worrell            0  0  0  -1  17  1  2  0  0  0  0/0     8:52   0:00   0:00 
Ryan Johansen            0  1  1  -1  0   0  1  0  0  0  6/11   17:33   1:57   0:00 
Shea Weber               0  0  0   0  0   2  0  1  1  1  0/0    25:32   1:50   1:26 
Sidney Crosby            1  1  2   3  0   4  2  0  2  1  19/30  20:43   2:01   0:41 
Staffan Kronwall         1  0  1  -1  0   1  0  0  0  2  0/0    15:46   0:00   0:13 
Wayne Simmonds           0  1  1  -1  0   6  2  2  0  1  0/2    17:45   1:57   0:57 

Players Stats for Canucks

Player Name              G  A  P  +/- PIM S  H  SB GA TA FO     MP     PP MP  PK MP  
------------------------------------------------------------------------------------
Alex Goligoski           0  0  0  -4  0   1  1  6  4  1  0/0    28:41   2:35   1:34 
Brad Boyes               1  1  2  -1  0   5  2  1  0  0  1/2    23:29   1:57   2:16 
Chris Campoli            0  1  1   2  0   0  0  0  0  0  0/0    12:36   0:38   0:00 
Chris Higgins            0  0  0  -1  0   3  1  1  0  0  0/2    22:45   1:57   1:28 
Clarke MacArthur         0  0  0  -1  2   1  2  1  1  0  0/1    15:51   2:01   0:00 
Derek Boogaard           0  0  0   0  0   1  2  1  1  0  1/3    11:47   0:00   0:14 
James Wright             0  0  0   0  0   1  2  0  0  0  1/1     9:55   0:00   0:00 
Jamie McBain             0  1  1  -4  2   2  0  3  0  4  0/0    29:02   3:20   1:12 
Johan Franzen            1  0  1   1  0   1  1  0  0  0  0/0     8:18   0:24   0:00 
Justin Falk              0  0  0   1  0   1  1  1  1  0  0/0    16:45   0:00   1:12 
Ladislav Smid            0  1  1   2  0   0  1  2  0  0  0/0    13:24   0:00   1:24 
Martins Karsums          0  0  0   0  0   1  0  0  0  0  0/0     9:55   0:00   0:00 
Matt Stajan              0  1  1  -1  5   6  2  1  2  2  14/37  21:19   0:51   2:12 
Mike Ribeiro             1  0  1  -1  0   1  2  0  1  1  8/8    16:50   2:06   0:44 
Nick Palmieri            0  1  1  -1  0   2  2  0  0  0  0/1    15:45   1:56   0:00 
Nik Antropov             1  0  1   1  0   4  0  0  0  0  0/2    10:02   0:42   0:00 
Ryan Hollweg             0  0  0   1  0   2  2  0  1  0  0/0    10:00   0:00   1:02 
Steve Montador           0  0  0   1  0   0  3  1  0  0  0/0    19:35   1:23   2:34 

3 Stars

1 - Johnny Gaudreau (LAK)
2 - Patrick Kane (LAK)
3 - Sidney Crosby (LAK)

Power Play

Kings - 0 on 2 Attempt(s) - 0.00%
Canucks - 0 on 2 Attempt(s) - 0.00%

Penalty Kill

Kings - 2 on 2 Attempt(s) - 100.00% - Score 1 goal in Penalty Kill
Canucks - 2 on 2 Attempt(s) - 100.00% - Score 0 goal in Penalty Kill

Team Stat

Kings - Hits : 23 - Faceoff Wins : 32 - Blocked Shots : 5 - Penalty Minutes : 19
Canucks - Hits : 24 - Faceoff Wins : 25 - Blocked Shots : 18 - Penalty Minutes : 9

Official

Referees : Unknown
Linesman : Unknown

Game Notes

Peter Worrell beats up Matt Stajan at 10:03 of 1st period
18:16 of 1st period - Kings goal is going for a video replay. After video review, No Goal. The goalkeeper has been pushed into the net together with the puck after making a save.

Finance

Level 1 -- Attendance: 6000 (100.00%) -- Ticket Income $510,000
Level 2 -- Attendance: 4855 (97.10%) -- Ticket Income $247,605
Level 3 -- Attendance: 1806 (90.30%) -- Ticket Income $57,792
Level 4 -- Attendance: 4000 (100.00%) -- Ticket Income $80,000
Luxury Box -- Attendance: 1000 (100.00%) -- Ticket Income $100,000
Game was played at the Budweiser Coliseum.
Total Attendance: 17661 (98.12%)
Total Ticket Income: $995,397
Other Income: $149,310
Total Income: $1,144,707

Kings

5 vs 5 Forward 
   Center                   Left Wing                Right Wing               Time % Phy DF OF 
 1 Sidney Crosby            Johnny Gaudreau          Patrick Kane             35     1   1  3  
 2 Ryan Johansen            David Booth              Wayne Simmonds           30     1   2  2  
 3 Greg Campbell            Peter Worrell            Nikita Kucherov          20     2   1  2  
 4 Mika Zibanejad           Marcus Nilson            Mike Brown               15     0   3  2  

5 vs 5 Defense 
   Defense                  Defense                                           Time % Phy DF OF 
 1 Darnell Nurse            Shea Weber                                        40     2   3  0  
 2 Justin Faulk             Mike Komisarek                                    30     0   3  2  
 3 Staffan Kronwall         Jon Merrill                                       30     0   5  0  
 4 Jon Merrill              Justin Faulk                                      0      1   3  1  

PowerPlay Forward 
   Center                   Left Wing                Right Wing               Time % Phy DF OF 
 1 Sidney Crosby            Johnny Gaudreau          Nikita Kucherov          60     2   0  3  
 2 Ryan Johansen            Mika Zibanejad           Wayne Simmonds           40     2   0  3  

PowerPlay Defense
   Defense                  Defense                                           Time % Phy DF OF 
 1 Justin Faulk             Patrick Kane                                      60     0   3  2  
 2 David Booth              Shea Weber                                        40     0   3  2  

Penalty Kill 4 Players Forward 
   Center                   Wing                     Time % Phy DF OF 
 1 Greg Campbell            Mike Brown               60     1   3  1  
 2 Patrick Kane             Wayne Simmonds           40     1   3  1  

Penalty Kill 4 Players Defense
   Defense                  Defense                  Time % Phy DF OF 
 1 Darnell Nurse            Jon Merrill              60     0   5  0  
 2 Shea Weber               Mike Komisarek           40     0   5  0  

Penalty Kill - 3 Players Forward 
   Forward                                           Time % Phy DF OF 
 1 Sidney Crosby                                     60     1   4  0  
 2 Patrick Kane                                      40     1   4  0  

Penalty Kill - 3 Players Defense
   Defense                  Defense                  Time % Phy DF OF 
 1 Shea Weber               Jon Merrill              60     0   5  0  
 2 Darnell Nurse            Mike Komisarek           40     0   5  0  

4 vs 4 Forward 
   Center                   Wing                     Time % Phy DF OF 
 1 Sidney Crosby            Patrick Kane             60     0   3  2  
 2 Johnny Gaudreau          David Booth              40     0   2  3  

4 vs 4 Defense
   Defense                  Defense                  Time % Phy DF OF 
 1 Shea Weber               Justin Faulk             60     1   2  2  
 2 Jon Merrill              Mike Komisarek           40     1   2  2  

Last Minutes Offensive
   Center                   Left Wing                Right Wing               Defense                  Defense                  
   Sidney Crosby            Johnny Gaudreau          Patrick Kane             Shea Weber               Justin Faulk             

Last Minutes Defensive
   Center                   Left Wing                Right Wing               Defense                  Defense                  
   Sidney Crosby            David Booth              Patrick Kane             Shea Weber               Jon Merrill              

Goaltenders
Starting : Brian Elliott            
Backup : Pascal Leclaire          

Extra Forwards
Normal : Patrick Kane, Sidney Crosby, Ryan Johansen - PP : Marcus Nilson, Mike Brown - PK : Sidney Crosby
Extra Defensemen
Normal : Shea Weber, Jon Merrill, Darnell Nurse - PP : Jon Merrill - PK : Justin Faulk, Staffan Kronwall
Penalty Shots
Nikita Kucherov, Patrick Kane, Sidney Crosby, Ryan Johansen, David Booth

Scratches
Paul Martin (Healthy), Tomas Plekanec (Healthy)

Canucks

5 vs 5 Forward 
   Center                   Left Wing                Right Wing               Time % Phy DF OF 
 1 Matt Stajan              Chris Higgins            Brad Boyes               60     0   0  5  
 2 Mike Ribeiro             Clarke MacArthur         Nick Palmieri            25     0   1  4  
 3 James Wright             Derek Boogaard           Martins Karsums          10     0   2  3  
 4 Nik Antropov             Ryan Hollweg             Johan Franzen            5      0   3  2  

5 vs 5 Defense 
   Defense                  Defense                                           Time % Phy DF OF 
 1 Jamie McBain             Alex Goligoski                                    60     0   0  5  
 2 Steve Montador           Justin Falk                                       25     1   2  2  
 3 Chris Campoli            Ladislav Smid                                     10     0   3  2  
 4 Jamie McBain             Steve Montador                                    5      1   2  2  

PowerPlay Forward 
   Center                   Left Wing                Right Wing               Time % Phy DF OF 
 1 Matt Stajan              Chris Higgins            Brad Boyes               60     0   0  5  
 2 Mike Ribeiro             Clarke MacArthur         Nick Palmieri            40     0   0  5  

PowerPlay Defense
   Defense                  Defense                                           Time % Phy DF OF 
 1 Jamie McBain             Alex Goligoski                                    70     0   0  5  
 2 Jamie McBain             Steve Montador                                    30     0   0  5  

Penalty Kill 4 Players Forward 
   Center                   Wing                     Time % Phy DF OF 
 1 Matt Stajan              Brad Boyes               60     0   4  1  
 2 Mike Ribeiro             Chris Higgins            40     0   4  1  

Penalty Kill 4 Players Defense
   Defense                  Defense                  Time % Phy DF OF 
 1 Jamie McBain             Steve Montador           60     0   4  1  
 2 Alex Goligoski           Ladislav Smid            40     0   4  1  

Penalty Kill - 3 Players Forward 
   Forward                                           Time % Phy DF OF 
 1 Matt Stajan                                       60     0   3  2  
 2 Brad Boyes                                        40     0   3  2  

Penalty Kill - 3 Players Defense
   Defense                  Defense                  Time % Phy DF OF 
 1 Jamie McBain             Steve Montador           60     0   3  2  
 2 Ladislav Smid            Alex Goligoski           40     0   3  2  

4 vs 4 Forward 
   Center                   Wing                     Time % Phy DF OF 
 1 Matt Stajan              Brad Boyes               60     0   0  5  
 2 Mike Ribeiro             Chris Higgins            40     0   0  5  

4 vs 4 Defense
   Defense                  Defense                  Time % Phy DF OF 
 1 Jamie McBain             Alex Goligoski           60     0   0  5  
 2 Jamie McBain             Steve Montador           40     0   2  3  

Last Minutes Offensive
   Center                   Left Wing                Right Wing               Defense                  Defense                  
   Matt Stajan              Chris Higgins            Brad Boyes               Jamie McBain             Alex Goligoski           

Last Minutes Defensive
   Center                   Left Wing                Right Wing               Defense                  Defense                  
   Matt Stajan              Chris Higgins            Brad Boyes               Jamie McBain             Alex Goligoski           

Goaltenders
Starting : Michal Neuvirth          
Backup : Alex Stalock             

Extra Forwards
Normal : Derek Boogaard, Nik Antropov, Ryan Hollweg - PP : Nick Palmieri, Nik Antropov - PK : Ryan Hollweg
Extra Defensemen
Normal : Chris Campoli, Justin Falk, Jamie McBain - PP : Chris Campoli - PK : Justin Falk, Jamie McBain
Penalty Shots
Matt Stajan, Brad Boyes, Mike Ribeiro, Chris Higgins, Clarke MacArthur

Scratches
Danny DeKeiser (Left Hand Injury)

% Time on Ice - Kings

Lines # - Real PCT - Wanted PCT - Time Play
Normal Forward
1 - 33% - 35% - 16:38
2 - 29% - 30% - 14:51
3 - 21% - 20% - 10:37
4 - 17% - 15% - 8:51
Normal Defense
1 - 41% - 40% - 20:41
2 - 29% - 30% - 14:52
3 - 30% - 30% - 15:24
4 - 0% - 0% - 0:00
PP Forward
1 - 51% - 60% - 2:01
2 - 49% - 40% - 1:57
PP Defense
1 - 54% - 60% - 2:08
2 - 46% - 40% - 1:50
PK Forward
1 - 76% - 60% - 3:01
2 - 24% - 40% - 0:57
PK Defense
1 - 64% - 60% - 2:32
2 - 36% - 40% - 1:26
PK3 Forward
1 - 0% - 60%
2 - 0% - 40%
PK3 Defense
1 - 0% - 60%
2 - 0% - 40%
44 Forward
1 - 0% - 60%
2 - 0% - 40%
44 Defense
1 - 0% - 60%
2 - 0% - 40%
Last Minute Offensive  - 0:00
Last Minute Defensive  - 1:07
Total
Forward - 60:00
Defense - 60:00

% Time on Ice - Canucks

Lines # - Real PCT - Wanted PCT - Time Play
Normal Forward
1 - 38% - 60% - 19:22
2 - 27% - 25% - 13:49
3 - 19% - 10% - 9:55
4 - 15% - 5% - 7:54
Normal Defense
1 - 46% - 60% - 23:32
2 - 30% - 25% - 15:30
3 - 23% - 10% - 11:58
4 - 0% - 5% - 0:00
PP Forward
1 - 59% - 60% - 2:21
2 - 41% - 40% - 1:37
PP Defense
1 - 65% - 70% - 2:35
2 - 35% - 30% - 1:23
PK Forward
1 - 87% - 60% - 3:28
2 - 13% - 40% - 0:30
PK Defense
1 - 65% - 60% - 2:34
2 - 35% - 40% - 1:24
PK3 Forward
1 - 0% - 60%
2 - 0% - 40%
PK3 Defense
1 - 0% - 60%
2 - 0% - 40%
44 Forward
1 - 0% - 60%
2 - 0% - 40%
44 Defense
1 - 0% - 60%
2 - 0% - 40%
Last Minute Offensive  - 1:04
Last Minute Defensive  - 0:00
Total
Forward - 60:00
Defense - 60:00

Play-by-Play

1st period


0:01 of 1st period - Matt Stajan wins face-off versus Sidney Crosby in neutral zone.
0:12 of 1st period - Wrist shot by Brad Boyes.
0:12 of 1st period - Shot Misses the Net.
0:26 of 1st period - Shea Weber is hit by Mike Ribeiro and loses puck.
0:31 of 1st period - Wrist shot by Mike Ribeiro.
0:31 of 1st period - Shot Misses the Net.
0:33 of 1st period - Slapshot by Steve Montador.
0:33 of 1st period - Shot Blocked by Wayne Simmonds.
0:35 of 1st period - Backhand shot by Nick Palmieri.
0:35 of 1st period - Shot Blocked by Shea Weber.
0:37 of 1st period - Slapshot by Steve Montador.
0:37 of 1st period - Shot Blocked by Darnell Nurse.
0:53 of 1st period - Greg Campbell is hit by Steve Montador and loses puck.
1:32 of 1st period - Snap shot by Matt Stajan.
1:32 of 1st period - Stopped by Brian Elliott with a rebound.
1:34 of 1st period - Snap shot by Brad Boyes.
1:34 of 1st period - Shot Misses the Net.
1:36 of 1st period - Wrist shot by Matt Stajan.
1:36 of 1st period - Stopped by Brian Elliott with a rebound.
1:52 of 1st period - Slapshot by David Booth.
1:52 of 1st period - Shot Blocked by Alex Goligoski.
1:54 of 1st period - Slapshot by Justin Faulk.
1:54 of 1st period - Stopped by Michal Neuvirth with a rebound.
1:56 of 1st period - Slapshot by David Booth.
1:56 of 1st period - Stopped by Michal Neuvirth without a rebound.
1:57 of 1st period - Greg Campbell wins face-off versus Matt Stajan in Canucks zone.
2:02 of 1st period - Slapshot by Peter Worrell.
2:02 of 1st period - Stopped by Michal Neuvirth without a rebound.
2:03 of 1st period - Greg Campbell wins face-off versus Matt Stajan in Canucks zone.
2:32 of 1st period - Snap shot by Mike Ribeiro.
2:32 of 1st period - Shot Misses the Net.
2:34 of 1st period - Snap shot by Nick Palmieri.
2:34 of 1st period - Shot Misses the Net.
3:13 of 1st period - James Wright is hit by Nikita Kucherov and loses puck.
3:37 of 1st period - Off-side.
3:38 of 1st period - Matt Stajan wins face-off versus Mika Zibanejad in neutral zone.
3:55 of 1st period - Wrist shot by Matt Stajan.
3:55 of 1st period - Stopped by Brian Elliott without a rebound.
3:56 of 1st period - Mike Ribeiro wins face-off versus Sidney Crosby in Kings zone.
4:30 of 1st period - Justin Falk is hit by Ryan Johansen and loses puck.
5:11 of 1st period - Snap shot by Peter Worrell.
5:11 of 1st period - Shot Misses the Net.
5:13 of 1st period - Slapshot by Staffan Kronwall.
5:13 of 1st period - Shot Misses the Net.
5:27 of 1st period - Snap shot by Chris Higgins.
5:27 of 1st period - Stopped by Brian Elliott with a rebound.
5:29 of 1st period - Slapshot by Ladislav Smid.
5:29 of 1st period - Shot Misses the Net.
5:31 of 1st period - Slapshot by Ladislav Smid.
5:31 of 1st period - Deflect By Matt Stajan.
5:31 of 1st period - Shot Misses the Net.
5:31 of 1st period - Puck is out of play.
5:32 of 1st period - Ryan Johansen wins face-off versus Matt Stajan in Kings zone.
5:48 of 1st period - Off-side.
5:49 of 1st period - Sidney Crosby wins face-off versus Matt Stajan in neutral zone.
5:52 of 1st period - Matt Stajan is hit by Mike Komisarek and loses puck.
6:23 of 1st period - Mike Ribeiro is hit by Wayne Simmonds and loses puck.
6:44 of 1st period - Snap shot by Mike Brown.
6:44 of 1st period - Stopped by Michal Neuvirth without a rebound.
6:45 of 1st period - Sidney Crosby wins face-off versus Matt Stajan in Canucks zone.
6:56 of 1st period - Slapshot by Sidney Crosby.
6:56 of 1st period - Shot Misses the Net.
6:58 of 1st period - Slapshot by Johnny Gaudreau.
6:58 of 1st period - Shot Misses the Net.
7:12 of 1st period - Ryan Johansen is hit by Steve Montador and loses puck.
7:39 of 1st period - Snap shot by James Wright.
7:39 of 1st period - Stopped by Brian Elliott with a rebound.
7:41 of 1st period - Slapshot by Steve Montador.
7:41 of 1st period - Deflect By Derek Boogaard.
7:41 of 1st period - Shot Misses the Net.
7:41 of 1st period - Puck is out of play.
7:42 of 1st period - Sidney Crosby wins face-off versus Matt Stajan in Kings zone.
7:49 of 1st period - Chris Higgins is hit by Sidney Crosby and loses puck.
8:22 of 1st period - Snap shot by David Booth.
8:22 of 1st period - Stopped by Michal Neuvirth without a rebound.
8:23 of 1st period - Greg Campbell wins face-off versus Matt Stajan in Canucks zone.
8:34 of 1st period - Wrist shot by Nikita Kucherov.
8:34 of 1st period - Shot Blocked by Ladislav Smid.
8:48 of 1st period - Ladislav Smid is hit by Mike Komisarek and loses puck.
8:59 of 1st period - Snap shot by Sidney Crosby.
8:59 of 1st period - Stopped by Michal Neuvirth with a rebound.
9:11 of 1st period - Wrist shot by Ryan Hollweg.
9:11 of 1st period - Shot Blocked by Wayne Simmonds.
9:37 of 1st period - Wrist shot by Derek Boogaard.
9:37 of 1st period - Stopped by Brian Elliott with a rebound.
9:39 of 1st period - Slapshot by Martins Karsums.
9:39 of 1st period - Shot Misses the Net.
9:41 of 1st period - Slapshot by Jamie McBain.
9:41 of 1st period - Shot Misses the Net.
9:50 of 1st period - Off-side.
9:51 of 1st period - Matt Stajan wins face-off versus Greg Campbell in neutral zone.
10:03 of 1st period - Peter Worrell beats up Matt Stajan.
10:03 of 1st period - Penalty to Matt Stajan for Fighting.
10:03 of 1st period - Penalty to Peter Worrell for Fighting.
10:03 of 1st period - Penalty to Peter Worrell for instigated a fight.
10:03 of 1st period - Penalty to Peter Worrell for instigated a fight.
10:04 of 1st period - Greg Campbell wins face-off versus Nick Palmieri in neutral zone.
10:19 of 1st period - Wrist shot by Chris Higgins.
10:19 of 1st period - Stopped by Brian Elliott with a rebound.
12:03 of 1st period - Penalty to Peter Worrell is over, Sidney Crosby is send on ice.
12:17 of 1st period - Snap shot by Wayne Simmonds.
12:17 of 1st period - Stopped by Michal Neuvirth with a rebound.
12:19 of 1st period - Snap shot by Mike Komisarek.
12:19 of 1st period - Shot Blocked by Jamie McBain.
12:33 of 1st period - Snap shot by Nik Antropov.
12:33 of 1st period - Stopped by Brian Elliott without a rebound.
12:34 of 1st period - Sidney Crosby wins face-off versus Nik Antropov in Kings zone.
13:08 of 1st period - Snap shot by Ryan Hollweg.
13:08 of 1st period - Stopped by Brian Elliott without a rebound.
13:09 of 1st period - Brad Boyes wins face-off versus Wayne Simmonds in Kings zone.
13:12 of 1st period - Wrist shot by Brad Boyes.
13:12 of 1st period - Stopped by Brian Elliott with a rebound.
13:42 of 1st period - Nick Palmieri is hit by Patrick Kane.
14:04 of 1st period - Greg Campbell is hit by Ryan Hollweg and loses puck.
14:44 of 1st period - Snap shot by Mike Brown.
14:44 of 1st period - Stopped by Michal Neuvirth without a rebound.
14:45 of 1st period - Sidney Crosby wins face-off versus Nik Antropov in Canucks zone.
14:52 of 1st period - Snap shot by Patrick Kane.
14:52 of 1st period - Shot Blocked by Brad Boyes.
14:58 of 1st period - Snap shot by Patrick Kane.
14:58 of 1st period - Shot Blocked by Steve Montador.
15:00 of 1st period - Snap shot by Sidney Crosby.
15:00 of 1st period - Stopped by Michal Neuvirth with a rebound.
15:12 of 1st period - Steve Montador is hit by Mike Brown and loses puck.
15:37 of 1st period - Wrist shot by Nikita Kucherov.
15:37 of 1st period - Shot Hit the Post.
15:39 of 1st period - Slapshot by Mike Komisarek.
15:39 of 1st period - Shot Blocked by Jamie McBain.
15:41 of 1st period - Wrist shot by Greg Campbell.
15:41 of 1st period - Shot Misses the Net.
16:41 of 1st period - Chris Higgins is hit by Darnell Nurse.
16:57 of 1st period - Wrist shot by David Booth.
16:57 of 1st period - Stopped by Michal Neuvirth with a rebound.
17:08 of 1st period - Ryan Johansen is hit by Derek Boogaard and loses puck.
17:23 of 1st period - Snap shot by Nikita Kucherov.
17:23 of 1st period - Deflect By Nik Antropov.
17:23 of 1st period - Shot Blocked by Ladislav Smid.
17:23 of 1st period - Puck is out of play.
17:24 of 1st period - Matt Stajan wins face-off versus Greg Campbell in Canucks zone.
17:33 of 1st period - Snap shot by Patrick Kane.
17:33 of 1st period - Shot Misses the Net.
18:12 of 1st period - Wrist shot by Marcus Nilson.
18:12 of 1st period - Shot Blocked by Derek Boogaard.
18:14 of 1st period - Slapshot by Justin Faulk.
18:14 of 1st period - Shot Blocked by Justin Falk.
18:16 of 1st period - Slapshot by Marcus Nilson.
18:16 of 1st period - Kings goal is going for a video replay.
18:16 of 1st period - The goal is refused. The goalkeeper has been pushed into the net together with the puck after making a save..
18:17 of 1st period - Sidney Crosby wins face-off versus Matt Stajan in Canucks zone.
18:24 of 1st period - Slapshot by Patrick Kane.
18:24 of 1st period - Shot Misses the Net.
18:34 of 1st period - Snap shot by Sidney Crosby.
18:34 of 1st period - Goal by Sidney Crosby - Kings : 1 - Canucks : 0.
18:35 of 1st period - Matt Stajan wins face-off versus Patrick Kane in neutral zone.
19:02 of 1st period - Shea Weber is hit by Nick Palmieri and loses puck.
19:09 of 1st period - Wrist shot by Mike Ribeiro.
19:09 of 1st period - Goal by Mike Ribeiro - Kings : 1 - Canucks : 1.
19:10 of 1st period - Matt Stajan wins face-off versus Sidney Crosby in neutral zone.
Goals for this period are 1 for Kings vs 1 for Canucks.
Shots for this period are 12 for Kings vs 11 for Canucks.

2nd period


0:01 of 2nd period - Sidney Crosby wins face-off versus Matt Stajan in neutral zone.
0:08 of 2nd period - Snap shot by Johnny Gaudreau.
0:08 of 2nd period - Shot Blocked by Matt Stajan.
0:10 of 2nd period - Snap shot by Patrick Kane.
0:10 of 2nd period - Shot Misses the Net.
0:12 of 2nd period - Slapshot by Sidney Crosby.
0:12 of 2nd period - Shot Misses the Net.
0:16 of 2nd period - Wrist shot by Johnny Gaudreau.
0:16 of 2nd period - Stopped by Michal Neuvirth with a rebound.
0:26 of 2nd period - David Booth is hit by Clarke MacArthur and loses puck.
0:45 of 2nd period - Minor Penalty to Darnell Nurse for Hooking.
0:46 of 2nd period - Greg Campbell wins face-off versus Chris Higgins in Kings zone.
0:59 of 2nd period - Snap shot by Matt Stajan.
0:59 of 2nd period - Shot Blocked by Jon Merrill.
1:47 of 2nd period - Slapshot by Mike Brown.
1:47 of 2nd period - Shot Blocked by Alex Goligoski.
1:57 of 2nd period - Wrist shot by Mike Brown.
1:57 of 2nd period - Shot Misses the Net.
1:59 of 2nd period - Slapshot by Justin Faulk.
1:59 of 2nd period - Deflect By Greg Campbell.
1:59 of 2nd period - Goal by Greg Campbell - Kings : 2 - Canucks : 1.
2:00 of 2nd period - Patrick Kane wins face-off versus Matt Stajan in neutral zone.
2:26 of 2nd period - Sidney Crosby is hit by Nick Palmieri and loses puck.
2:45 of 2nd period - Penalty to Darnell Nurse is over, Darnell Nurse is back on ice.
2:49 of 2nd period - Shea Weber is hit by Derek Boogaard and loses puck.
3:01 of 2nd period - Icing by Mike Brown.
3:02 of 2nd period - Sidney Crosby wins face-off versus Matt Stajan in Kings zone.
3:28 of 2nd period - Slapshot by Wayne Simmonds.
3:28 of 2nd period - Shot Misses the Net.
3:30 of 2nd period - Wrist shot by Mike Komisarek.
3:30 of 2nd period - Deflect By David Booth.
3:30 of 2nd period - Shot Blocked by Clarke MacArthur.
3:30 of 2nd period - Puck is out of play.
3:31 of 2nd period - Matt Stajan wins face-off versus Wayne Simmonds in Canucks zone.
3:31 of 2nd period - Matt Stajan is hit by David Booth.
4:00 of 2nd period - Slapshot by Alex Goligoski.
4:00 of 2nd period - Stopped by Brian Elliott without a rebound.
4:01 of 2nd period - Mike Ribeiro wins face-off versus Sidney Crosby in Kings zone.
4:02 of 2nd period - Slapshot by Jamie McBain.
4:02 of 2nd period - Shot Misses the Net.
4:08 of 2nd period - Wrist shot by Johnny Gaudreau.
4:08 of 2nd period - Shot Blocked by Alex Goligoski.
4:10 of 2nd period - Snap shot by Patrick Kane.
4:10 of 2nd period - Goal by Patrick Kane - Kings : 3 - Canucks : 1.
4:11 of 2nd period - Matt Stajan wins face-off versus Sidney Crosby in neutral zone.
4:26 of 2nd period - Snap shot by Matt Stajan.
4:26 of 2nd period - Stopped by Brian Elliott with a rebound.
4:28 of 2nd period - Snap shot by Brad Boyes.
4:28 of 2nd period - Shot Hit the Post.
4:43 of 2nd period - Jon Merrill is hit by Alex Goligoski and loses puck.
4:57 of 2nd period - Minor Penalty to Jamie McBain for Holding.
4:58 of 2nd period - Matt Stajan wins face-off versus Ryan Johansen in Canucks zone.
5:01 of 2nd period - Off-side.
5:02 of 2nd period - Ryan Johansen wins face-off versus Matt Stajan in neutral zone.
5:03 of 2nd period - 10 Minutes Misconduct Penalty to Peter Worrell is over.
5:11 of 2nd period - Wrist shot by Wayne Simmonds.
5:11 of 2nd period - Stopped by Michal Neuvirth with a rebound.
5:13 of 2nd period - Snap shot by Wayne Simmonds.
5:13 of 2nd period - Stopped by Michal Neuvirth without a rebound.
5:14 of 2nd period - Matt Stajan wins face-off versus Johnny Gaudreau in Canucks zone.
5:25 of 2nd period - Wrist shot by Matt Stajan.
5:25 of 2nd period - Shot Misses the Net.
5:31 of 2nd period - Slapshot by Johnny Gaudreau.
5:31 of 2nd period - Shot Misses the Net.
6:57 of 2nd period - Penalty to Jamie McBain is over, Jamie McBain is back on ice.
7:04 of 2nd period - Mike Brown is hit by Mike Ribeiro and loses puck.
7:19 of 2nd period - Greg Campbell is hit by James Wright and loses puck.
7:30 of 2nd period - Snap shot by Martins Karsums.
7:30 of 2nd period - Stopped by Brian Elliott with a rebound.
7:42 of 2nd period - Jon Merrill is hit by Ladislav Smid.
7:54 of 2nd period - Snap shot by Johan Franzen.
7:54 of 2nd period - Goal by Johan Franzen - Kings : 3 - Canucks : 2.
7:55 of 2nd period - Ryan Johansen wins face-off versus Chris Higgins in neutral zone.
8:15 of 2nd period - Jamie McBain is hit by David Booth and loses puck.
8:49 of 2nd period - Justin Falk is hit by Greg Campbell and loses puck.
9:26 of 2nd period - Steve Montador is hit by Sidney Crosby and loses puck.
9:45 of 2nd period - Wrist shot by Derek Boogaard.
9:45 of 2nd period - Deflect By Martins Karsums.
9:45 of 2nd period - Shot Misses the Net.
9:45 of 2nd period - Puck is out of play.
9:46 of 2nd period - Matt Stajan wins face-off versus Ryan Johansen in Kings zone.
9:47 of 2nd period - Snap shot by Brad Boyes.
9:47 of 2nd period - Stopped by Brian Elliott with a rebound.
9:53 of 2nd period - Slapshot by Matt Stajan.
9:53 of 2nd period - Stopped by Brian Elliott with a rebound.
9:55 of 2nd period - Slapshot by Brad Boyes.
9:55 of 2nd period - Deflect By Matt Stajan.
9:55 of 2nd period - Shot Misses the Net.
9:55 of 2nd period - Puck is out of play.
9:56 of 2nd period - Sidney Crosby wins face-off versus Matt Stajan in Kings zone.
10:38 of 2nd period - Jamie McBain is hit by Wayne Simmonds and loses puck.
10:53 of 2nd period - Wrist shot by Clarke MacArthur.
10:53 of 2nd period - Stopped by Brian Elliott without a rebound.
10:54 of 2nd period - Mike Ribeiro wins face-off versus Greg Campbell in Kings zone.
11:19 of 2nd period - Darnell Nurse is hit by Steve Montador and loses puck.
11:46 of 2nd period - Patrick Kane is hit by Ryan Hollweg and loses puck.
12:08 of 2nd period - Off-side.
12:09 of 2nd period - Mike Ribeiro wins face-off versus Ryan Johansen in neutral zone.
12:18 of 2nd period - Snap shot by Wayne Simmonds.
12:18 of 2nd period - Stopped by Michal Neuvirth with a rebound.
12:20 of 2nd period - Slapshot by Jon Merrill.
12:20 of 2nd period - Stopped by Michal Neuvirth with a rebound.
12:46 of 2nd period - Snap shot by Ryan Johansen.
12:46 of 2nd period - Shot Misses the Net.
12:48 of 2nd period - Wrist shot by David Booth.
12:48 of 2nd period - Shot Misses the Net.
12:50 of 2nd period - Wrist shot by David Booth.
12:50 of 2nd period - Shot Blocked by Jamie McBain.
12:52 of 2nd period - Slapshot by Staffan Kronwall.
12:52 of 2nd period - Shot Misses the Net.
12:54 of 2nd period - Slapshot by Jon Merrill.
12:54 of 2nd period - Shot Misses the Net.
12:56 of 2nd period - Slapshot by Jon Merrill.
12:56 of 2nd period - Shot Misses the Net.
12:58 of 2nd period - Wrist shot by Wayne Simmonds.
12:58 of 2nd period - Stopped by Michal Neuvirth with a rebound.
13:00 of 2nd period - Snap shot by Ryan Johansen.
13:00 of 2nd period - Shot Blocked by Alex Goligoski.
13:02 of 2nd period - Wrist shot by Ryan Johansen.
13:02 of 2nd period - Deflect By Wayne Simmonds.
13:02 of 2nd period - Stopped by Michal Neuvirth with a rebound.
13:04 of 2nd period - Slapshot by Ryan Johansen.
13:04 of 2nd period - Shot Misses the Net.
13:06 of 2nd period - Backhand shot by Staffan Kronwall.
13:06 of 2nd period - Shot Misses the Net.
13:08 of 2nd period - Slapshot by Staffan Kronwall.
13:08 of 2nd period - Goal by Staffan Kronwall - Kings : 4 - Canucks : 2.
13:09 of 2nd period - Matt Stajan wins face-off versus Sidney Crosby in neutral zone.
13:51 of 2nd period - Johan Franzen is hit by Mike Brown and loses puck.
14:05 of 2nd period - Jamie McBain is hit by Justin Faulk.
15:06 of 2nd period - Slapshot by Nik Antropov.
15:06 of 2nd period - Goal by Nik Antropov - Kings : 4 - Canucks : 3.
15:07 of 2nd period - Sidney Crosby wins face-off versus Matt Stajan in neutral zone.
15:18 of 2nd period - Sidney Crosby is hit by Chris Higgins and loses puck.
16:02 of 2nd period - Wrist shot by Johan Franzen.
16:02 of 2nd period - Shot Misses the Net.
16:45 of 2nd period - Snap shot by Justin Falk.
16:45 of 2nd period - Stopped by Brian Elliott without a rebound.
16:46 of 2nd period - Sidney Crosby wins face-off versus Matt Stajan in Kings zone.
17:00 of 2nd period - Slapshot by Sidney Crosby.
17:00 of 2nd period - Shot Blocked by Chris Higgins.
17:02 of 2nd period - Snap shot by Shea Weber.
17:02 of 2nd period - Stopped by Michal Neuvirth without a rebound.
17:03 of 2nd period - Ryan Johansen wins face-off versus Matt Stajan in Canucks zone.
17:04 of 2nd period - Wrist shot by David Booth.
17:04 of 2nd period - Deflect By Chris Higgins.
17:04 of 2nd period - Stopped by Michal Neuvirth without a rebound.
17:05 of 2nd period - Matt Stajan wins face-off versus Ryan Johansen in Canucks zone.
17:45 of 2nd period - Wrist shot by Chris Higgins.
17:45 of 2nd period - Stopped by Brian Elliott without a rebound.
17:46 of 2nd period - Mike Ribeiro wins face-off versus Sidney Crosby in Kings zone.
18:38 of 2nd period - Wrist shot by Ryan Hollweg.
18:38 of 2nd period - Stopped by Brian Elliott with a rebound.
18:40 of 2nd period - Slapshot by Ladislav Smid.
18:40 of 2nd period - Shot Misses the Net.
19:08 of 2nd period - Wrist shot by Patrick Kane.
19:08 of 2nd period - Stopped by Michal Neuvirth with a rebound.
19:15 of 2nd period - Off-side.
19:16 of 2nd period - Ryan Johansen wins face-off versus Matt Stajan in neutral zone.
Goals for this period are 3 for Kings vs 2 for Canucks.
Shots for this period are 13 for Kings vs 11 for Canucks.

3rd period


0:01 of 3rd period - Sidney Crosby wins face-off versus Brad Boyes in neutral zone.
0:26 of 3rd period - Brad Boyes is hit by Peter Worrell and loses puck.
0:49 of 3rd period - Snap shot by Chris Higgins.
0:49 of 3rd period - Deflect By Matt Stajan.
0:49 of 3rd period - Stopped by Brian Elliott with a rebound.
0:57 of 3rd period - Snap shot by Brad Boyes.
0:57 of 3rd period - Stopped by Brian Elliott with a rebound.
1:19 of 3rd period - Wrist shot by Brad Boyes.
1:19 of 3rd period - Stopped by Brian Elliott with a rebound.
1:21 of 3rd period - Snap shot by Brad Boyes.
1:21 of 3rd period - Goal by Brad Boyes - Kings : 4 - Canucks : 4.
1:22 of 3rd period - Mike Ribeiro wins face-off versus Sidney Crosby in neutral zone.
1:52 of 3rd period - Wrist shot by Mika Zibanejad.
1:52 of 3rd period - Stopped by Michal Neuvirth without a rebound.
1:53 of 3rd period - Ryan Johansen wins face-off versus Clarke MacArthur in Canucks zone.
1:58 of 3rd period - Wrist shot by Wayne Simmonds.
1:58 of 3rd period - Shot Misses the Net.
2:02 of 3rd period - Slapshot by David Booth.
2:02 of 3rd period - Stopped by Michal Neuvirth without a rebound.
2:03 of 3rd period - Mike Ribeiro wins face-off versus Ryan Johansen in Canucks zone.
2:05 of 3rd period - Minor Penalty to Clarke MacArthur for Roughing.
2:06 of 3rd period - Sidney Crosby wins face-off versus Matt Stajan in Canucks zone.
2:40 of 3rd period - Snap shot by Wayne Simmonds.
2:40 of 3rd period - Shot Misses the Net.
2:42 of 3rd period - Snap shot by Wayne Simmonds.
2:42 of 3rd period - Shot Misses the Net.
4:05 of 3rd period - Penalty to Clarke MacArthur is over, Clarke MacArthur is back on ice.
4:28 of 3rd period - Snap shot by Mike Brown.
4:28 of 3rd period - Shot Misses the Net.
5:30 of 3rd period - Sidney Crosby is hit by Justin Falk and loses puck.
5:37 of 3rd period - Patrick Kane is hit by Johan Franzen and loses puck.
6:52 of 3rd period - Justin Faulk is hit by Clarke MacArthur and loses puck.
7:07 of 3rd period - Greg Campbell is hit by James Wright and loses puck.
7:14 of 3rd period - Slapshot by Jamie McBain.
7:14 of 3rd period - Stopped by Brian Elliott with a rebound.
7:26 of 3rd period - Brad Boyes is hit by Johnny Gaudreau and loses puck.
7:52 of 3rd period - Ladislav Smid is hit by Justin Faulk and loses puck.
8:05 of 3rd period - Snap shot by Nick Palmieri.
8:05 of 3rd period - Stopped by Brian Elliott without a rebound.
8:06 of 3rd period - Mike Ribeiro wins face-off versus Sidney Crosby in Kings zone.
8:13 of 3rd period - Snap shot by Nick Palmieri.
8:13 of 3rd period - Stopped by Brian Elliott without a rebound.
8:14 of 3rd period - Sidney Crosby wins face-off versus Matt Stajan in Kings zone.
8:14 of 3rd period - Sidney Crosby is hit by Matt Stajan.
9:06 of 3rd period - Wrist shot by Nikita Kucherov.
9:06 of 3rd period - Stopped by Michal Neuvirth without a rebound.
9:07 of 3rd period - Patrick Kane wins face-off versus Matt Stajan in Canucks zone.
9:14 of 3rd period - Snap shot by Patrick Kane.
9:14 of 3rd period - Shot Blocked by Alex Goligoski.
9:16 of 3rd period - Snap shot by Shea Weber.
9:16 of 3rd period - Stopped by Michal Neuvirth without a rebound.
9:17 of 3rd period - Sidney Crosby wins face-off versus Matt Stajan in Canucks zone.
9:34 of 3rd period - Slapshot by Johnny Gaudreau.
9:34 of 3rd period - Shot Blocked by Alex Goligoski.
9:46 of 3rd period - Slapshot by Patrick Kane.
9:46 of 3rd period - Shot Misses the Net.
9:48 of 3rd period - Slapshot by Johnny Gaudreau.
9:48 of 3rd period - Goal by Johnny Gaudreau - Kings : 5 - Canucks : 4.
9:49 of 3rd period - Sidney Crosby wins face-off versus Matt Stajan in neutral zone.
9:52 of 3rd period - Chris Higgins is hit by Johnny Gaudreau and loses puck.
11:01 of 3rd period - Shea Weber is hit by Matt Stajan and loses puck.
12:02 of 3rd period - Snap shot by Peter Worrell.
12:02 of 3rd period - Shot Misses the Net.
12:36 of 3rd period - Wrist shot by Nik Antropov.
12:36 of 3rd period - Stopped by Brian Elliott with a rebound.
12:38 of 3rd period - Slapshot by Steve Montador.
12:38 of 3rd period - Shot Misses the Net.
13:42 of 3rd period - Wrist shot by Mike Brown.
13:42 of 3rd period - Shot Misses the Net.
13:44 of 3rd period - Wrist shot by Marcus Nilson.
13:44 of 3rd period - Stopped by Michal Neuvirth with a rebound.
13:46 of 3rd period - Wrist shot by Jon Merrill.
13:46 of 3rd period - Stopped by Michal Neuvirth with a rebound.
13:48 of 3rd period - Slapshot by Staffan Kronwall.
13:48 of 3rd period - Deflect By Marcus Nilson.
13:48 of 3rd period - Stopped by Michal Neuvirth without a rebound.
13:49 of 3rd period - Sidney Crosby wins face-off versus Matt Stajan in Canucks zone.
14:15 of 3rd period - Clarke MacArthur is hit by David Booth and loses puck.
15:26 of 3rd period - Justin Faulk is hit by Brad Boyes and loses puck.
17:10 of 3rd period - Chris Higgins is hit by Peter Worrell and loses puck.
17:15 of 3rd period - Wrist shot by Justin Faulk.
17:15 of 3rd period - Deflect By Nikita Kucherov.
17:15 of 3rd period - Stopped by Michal Neuvirth without a rebound.
17:16 of 3rd period - Matt Stajan wins face-off versus Sidney Crosby in Canucks zone.
17:29 of 3rd period - Wrist shot by Greg Campbell.
17:29 of 3rd period - Stopped by Michal Neuvirth without a rebound.
17:30 of 3rd period - James Wright wins face-off versus Greg Campbell in Canucks zone.
17:41 of 3rd period - Snap shot by Nikita Kucherov.
17:41 of 3rd period - Stopped by Michal Neuvirth with a rebound.
17:57 of 3rd period - Darnell Nurse is hit by Brad Boyes and loses puck.
18:36 of 3rd period - Justin Falk is hit by Mike Komisarek and loses puck.
18:59 of 3rd period - Canucks, Michal Neuvirth is pulled from the net.
19:01 of 3rd period - Slapshot by Nik Antropov.
19:01 of 3rd period - Stopped by Brian Elliott without a rebound.
19:02 of 3rd period - John Tortorella call a timeout for Canucks.
19:02 of 3rd period - Sidney Crosby wins face-off versus Derek Boogaard in Kings zone.
19:08 of 3rd period - Icing by Derek Boogaard.
19:09 of 3rd period - Michal Neuvirth from Canucks was sent back in the game.
19:09 of 3rd period - Sidney Crosby wins face-off versus Derek Boogaard in Canucks zone.
19:12 of 3rd period - Slapshot by Sidney Crosby.
19:12 of 3rd period - Stopped by Michal Neuvirth without a rebound.
19:13 of 3rd period - Derek Boogaard wins face-off versus Sidney Crosby in Canucks zone.
19:24 of 3rd period - Canucks, Michal Neuvirth is pulled from the net.
19:58 of 3rd period - Snap shot by Jamie McBain.
19:58 of 3rd period - Stopped by Brian Elliott with a rebound.
Goals for this period are 1 for Kings vs 1 for Canucks.
Shots for this period are 12 for Kings vs 10 for Canucks.